Map: Dreamcatcher LE

Players

NeebEnciO - Winner!

  • Race: Protoss Protoss
  • League: Master
  • Spawn Location: 5:00

CTP

  • Race: Terran Terran
  • League: Master
  • Spawn Location: 11:00

VOD

Have the link to the VOD?

Description

Time

  • Played on: May 22, 2018, 5:24 p.m.
  • Length: 6:57
Show
View Real Time Build Order
Export as new Build Order

NeebEnciO Protoss - Winner!

Build Orders: 1 Gate Expand 

Get SALT Encoding   

  12  0:01  Probe  
  13  0:13  Probe  
  14  0:18  Pylon  
  14  0:25  Probe  
  15  0:35  Probe  
  15  0:40  Gateway  
  16  0:43  Probe  
  17  0:52  Assimilator  
  17  0:56  Assimilator  
  17  1:24  Zealot  
  17  1:26  Nexus  
  18  1:44  Cybernetics Core  
  18  1:54  Pylon  
  18  1:55  Zealot  
  20  2:17  Stalker  
  20  2:20  Probe  
  23  2:42  Shield Battery  
  23  2:47  Stalker  
  24  3:08  Pylon  
  24  3:16  Stalker  
  10  4:25  Probe  
  9  4:48  Probe  
  9  4:52  Probe  
  11  5:07  Pylon  
  11  5:15  Probe  
  12  5:40  Shield Battery  
Show
View Real Time Build Order
Export as new Build Order

CTP Terran 

Build Orders: Cyclone Opening 

Get SALT Encoding   

  12  0:00  SCV  
  13  0:12  SCV  
  14  0:17  Supply Depot  
  14  0:25  SCV  
  15  0:29  Refinery  
  15  0:39  SCV  
  16  0:47  Barracks  
  16  0:51  SCV  
  17  0:58  Refinery  
  17  1:03  SCV  
  18  1:15  SCV  
  19  1:36  Factory  
  19  1:37  Barracks Reactor  
  19  1:47  Orbital Command  
  19  1:59  Supply Depot  
  21  2:20  Cyclone  
  22  2:23  Marine  
  23  2:30  Marine  
  24  2:40  SCV  
  25  2:50  Marine  
  26  2:52  Cyclone  
  28  3:11  Marine  
Tags
 
Add a new tag
Caveats
  • Supply blocks, unpowered buildings, or Contaminate may cause inaccurate times.
  • Supply counts are checked every 10 seconds.